 Dungeon Crawl Stone Soup version 0.27.0-1-g7a089689b8 (webtiles) character file.

Game seed: 478068161766739575

987 GordonOverkill the Sneak (level 7, -1/33 HPs)
             Began as a Felid Necromancer on Aug 3, 2021.
             Succumbed to a killer bee's poison
             ... on level 6 of the Dungeon.
             The game lasted 00:19:13 (9236 turns).

GordonOverkill the Sneak (Felid Necromancer)        Turns: 9236, Time: 00:19:13

Health: -1/33      AC:  4    Str:  4    XL:     7   Next: 97%
Magic:  1/13       EV: 22    Int: 19    God:
Gold:   203        SH:  0    Dex: 22    Spells: 3/13 levels left
                                        Lives:  0   Deaths: 2

rFire    . . .     SeeInvis +     - Unarmed
rCold    . . .     Faith    .   (shield unavailable)
rNeg     . . .     Spirit   .   (armour unavailable)
rPois    .         Reflect  .   (helmet unavailable)
rElec    .         Harm     .   (cloak unavailable)
rCorr    .         Rampage  .   (gloves unavailable)
Will     +....                  (boots unavailable)
Stlth    +++.......             (no amulet)
HPRegen  0.11/turn              a - +6 ring of dexterity
MPRegen  0.13/turn              k - +4 ring of evasion

@: lethally poisoned (-1 -> -7), silenced, quick
A: very small, claws 1, fangs 3, see invisible, speed 1, shaggy fur 2, stealthy
paws, no weapons or thrown items, no armour, multi-lived, iridescent scales 1,
wild magic 1
a: no special abilities


You were on level 6 of the Dungeon.
You visited 1 branch of the dungeon, and saw 7 of its levels.

You collected 203 gold pieces.

Inventory:

Missiles
 j - 157 stones
Jewellery
 a - a +6 ring of dexterity (left paw)
 e - an amulet of magic regeneration
 k - a +4 ring of evasion (right paw)
 m - a ring of ice
Wands
 h - a wand of paralysis (10)
Scrolls
 c - 2 scrolls of fog
 g - 2 scrolls of teleportation {unknown}
 i - a scroll of magic mapping {unknown}
Potions
 l - a potion of flight
 n - a potion of cancellation


   Skills:
 + Level 5.5 Fighting
 - Level 2.6 Dodging
 - Level 7.0 Stealth
 + Level 2.3 Unarmed Combat
 + Level 3.8 Spellcasting
 * Level 3.9 Summonings
 - Level 5.0 Necromancy
 + Level 1.2 Evocations


You had 3 spell levels left.
You knew the following spells:

 Your Spells              Type           Power      Damage    Failure   Level
a - Pain                  Necr           100%       1d9       3%          1
b - Vampiric Draining     Necr           14%        2d8       9%          3
c - Shadow Creatures      Summ           N/A        N/A       99%         6

Your spell library contained the following spells:

 Spells                   Type           Power      Damage    Failure   Level
 Animate Skeleton         Necr           58%        N/A       3%          1
 Sandblast                Erth           8%         2d5       21%         1
 Ensorcelled Hibernation  Hex/Ice        8%         N/A       30%         2
 Passwall                 Tmut/Erth      3%         N/A       30%         2
 Spider Form              Tmut/Pois      2%         N/A       47%         3
 Stone Arrow              Conj/Erth      8%         3d7       47%         3
 Animate Dead             Necr           14%        N/A       26%         4
 Agony                    Necr           29%        N/A       54%         5
 Summon Ice Beast         Ice/Summ       14%        N/A       61%         4
 Petrify                  Tmut/Erth      4%         N/A       86%         4
 Chain Lightning          Conj/Air       2%         3d2       100%        9
 Fire Storm               Conj/Fire      2%         8d1       100%        9
 Shatter                  Erth           2%         3d6*      100%        9


Dungeon Overview and Level Annotations

Branches:
Dungeon (7/15)
 Temple: D:4-7

Altars:
Dithmenos
Hepliaklqana

Annotations:
D:6 Menkaure


Innate Abilities, Weirdness & Mutations

You have sharp claws.
You have razor-sharp teeth.
You have supernaturally acute eyesight. (SInv)
You cover ground quickly. (Speed+)
You are covered in thick fur. (AC +2)
Your paws help you pounce on unaware monsters.
You are incapable of wielding weapons or throwing items.
You cannot wear armour.
You gain extra lives every three experience levels.
You are partially covered in iridescent scales. (AC +2)
Your spells are a little harder to cast, but a little more powerful.


Message History

You miscast Vampiric Draining.
You are very lightly contaminated with residual magic.
Nothing appears to happen.
The killer bee closely misses you. The killer bee barely misses you.
It was a potion of brilliance.
You feel clever all of a sudden. The killer bee stings you.
You are poisoned.
The killer bee poisons you! The killer bee closely misses you.
It was a potion of attraction.
You feel attractive to monsters.
You feel sick. The killer bee completely misses you. The killer bee stings you!
* * * LOW HITPOINT WARNING * * *
You are more poisoned.
The killer bee poisons you!
It was a potion of cancellation.
Your magical effects are unravelling.
You feel magically purged.
Your magical contamination has completely faded away.
You feel a little less clever now.
* * * LOW HITPOINT WARNING * * *
You feel very sick.
The killer bee misses you. x2; You feel less attractive to monsters.
As you read the scroll labelled UNKIXK VAOGIA, it crumbles to dust.
A profound silence engulfs you.
It was a scroll of silence.
* * * LOW HITPOINT WARNING * * *
You feel very sick. The killer bee stings you.
* * * LOW HITPOINT WARNING * * *
The killer bee misses you.
Magic scrolls do not work when you're silenced!
Unknown command.
You scratch the killer bee.
The killer bee is lightly wounded.
* * * LOW HITPOINT WARNING * * *
You feel sick. The killer bee closely misses you. The killer bee stings you.
* * * LOW HITPOINT WARNING * * *
You barely miss the killer bee.
The killer bee is lightly wounded.
You die...

.# #.....#.....#...............
.#####.....########...##.......##
......#######...###...##.......##
......#....#..........#........##
......#....#..........#........##
......'....#..........'..........
(.....#....##....##...###########
#######....##....##..>#.........#
#.......#)...@y....#.........#
#.......#.....#....'..........
#.......'.....#....#..........
#####'###############+#..........
#................................
#......................#########.
#......................#.......##
#......................#.........
#......................#......)..


You could see a killer bee.

Vanquished Creatures
  Edmund (D:3)
  A water moccasin (D:6)
  Duvessa (D:5)
  2 centaurs (D:6)
  A bullfrog (D:6)
  A scorpion (D:4)
  Dowan (D:5)
  2 killer bees
  A centaur zombie (D:6)
  A bullfrog zombie (D:5)
  A bullfrog skeleton (D:4)
  3 hounds
  A centaur skeleton (D:3)
  Crazy Yiuf (D:4)
  Natasha (thrice) (D:4)
  An iguana (D:6)
  A killer bee zombie (D:5)
  9 gnolls
  4 adders
  A shadow imp (D:6)
  3 ufetubi (D:5)
  3 worms
  A dart slug (D:2)
  An orc (D:6)
  9 ball pythons
  7 bats
  7 endoplasms
  6 giant cockroaches
  8 hobgoblins
  6 jackals
  2 kobolds
  A quokka (D:3)
  3 frilled lizards
  7 goblins
  A rat (D:2)
102 creatures vanquished.

Notes
Turn   | Place    | Note
-------+----------+-------------------------------------------
     0 | D:1      | GordonOverkill the Felid Necromancer began the quest for
                  | the Orb.
     0 | D:1      | Reached XP level 1. HP: 7/7 MP: 4/4
   304 | D:1      | Reached skill level 3 in Stealth
   393 | D:1      | Reached skill level 1 in Fighting
   553 | D:1      | Reached XP level 2. HP: 10/12 MP: 3/6
  1756 | D:2      | Reached skill level 4 in Stealth
  1758 | D:2      | Reached XP level 3. HP: 4/16 MP: 1/7
  2001 | D:2      | Learned a level 3 spell: Vampiric Draining
  3179 | D:3      | Found a faded altar of an unknown god.
  3201 | D:3      | Reached XP level 4. HP: 15/20 MP: 1/8
  3544 | D:3      | Found a hazy altar of Hepliaklqana.
  3752 | D:3      | Reached skill level 5 in Stealth
  4274 | D:3      | Reached XP level 5. HP: 21/24 MP: 9/9
  4333 | D:3      | Found a shadowy altar of Dithmenos.
  4689 | D:2      | Identified a scroll of acquirement
  4689 | D:2      | Acquired the Grimoire of Earth and Cold
  4697 | D:2      | HP: 1/24 [ufetubus (5)]
  4712 | D:2      | Slain by an ufetubus
  4713 | D:2      | Reached XP level 4. HP: 0/21 MP: 8/8
  4763 | D:4      | Reached skill level 6 in Stealth
  4899 | D:4      | Noticed Edmund
  5040 | D:3      | Killed Edmund
  5041 | D:3      | Reached XP level 5. HP: 23/25 MP: 0/9
  5146 | D:4      | Noticed a necrophage
  5229 | D:4      | Reached skill level 7 in Stealth
  5229 | D:4      | Gained mutation: You are covered in thick fur. (AC +2)
                  | [Felid growth]
  5229 | D:4      | Reached XP level 6. HP: 22/28 MP: 4/10
  5296 | D:4      | Noticed Natasha
  5316 | D:4      | Killed Natasha
  5584 | D:4      | Noticed Natasha
  5592 | D:4      | Killed Natasha
  6051 | D:4      | Noticed Natasha
  6056 | D:4      | Killed Natasha
  6436 | D:4      | Found a runed translucent door.
  6437 | D:4      | Noticed Crazy Yiuf
  6462 | D:4      | Killed Crazy Yiuf
  6779 | D:5      | Entered Level 5 of the Dungeon
  7032 | D:5      | Learned a level 6 spell: Shadow Creatures
  7084 | D:5      | Gained mutation: You are partially covered in iridescent
                  | scales. (AC +2) [potion of mutation]
  7084 | D:5      | Gained mutation: Your spells are a little harder to cast,
                  | but a little more powerful. [potion of mutation]
  7244 | D:5      | Reached XP level 7. HP: 33/33 MP: 12/12
  7488 | D:5      | Noticed Dowan
  7494 | D:5      | Noticed Duvessa
  7503 | D:5      | HP: 1/33 [Duvessa (6)]
  7503 | D:5      | Slain by Dowan
  7504 | D:5      | Reached XP level 6. HP: -3/30 MP: 3/11
  7527 | D:5      | Reached skill level 1 in Summonings
  7577 | D:5      | Killed Dowan
  7578 | D:5      | Killed Duvessa
  7579 | D:5      | Reached skill level 5 in Fighting
  7579 | D:5      | Reached skill level 1 in Unarmed Combat
  7843 | D:6      | Reached XP level 7. HP: 33/33 MP: 2/12
  7950 | D:6      | Reached skill level 5 in Necromancy
  8411 | D:6      | Noticed Menkaure
  9213 | D:7      | Reached skill level 1 in Evocations
  9235 | D:6      | HP: 1/33 [killer bee (3)]
  9236 | D:6      | Succumbed to a killer bee's poison

Illustrated notes

Levels and vault maps discovered:
D:1:      dpeg_arrival_ternary, layout_loops_ring
D:2:      layout_rooms
D:3:      layout_basic, mainiacjoe_overflow_paths,
          nicolae_dithmenos_through_a_glass_darkly,
          shapermc_ecumenical_altar_venn
D:4:      layout_loops_ring, uniq_crazy_yiuf_cottage, uniq_natasha, uniq_edmund
D:5:      layout_loops_cross, uniq_duvessa
D:6:      layout_gridville, uniq_menkaure
D:7:      layout_loops_corners, minmay_temple_entry_grid

Skill      XL: |  1  2  3  4  5  6  7 |
---------------+----------------------+-----
Stealth        | 3 4 6 7 |  7.0
Fighting       | 1 2 4 5 |  5.5
Spellcasting   | 3 |  3.8
Summonings     | 2 3 |  3.9
Unarmed Combat | 1 2 |  2.3
Necromancy     | 5 |  5.0
Evocations     | 1 |  1.2
Dodging        | |  2.6

Action                   |  1- 3 |  4- 6 |  7- 9 || total
-------------------------+-------+-------+-------++-------
Melee: Unarmed           |     3 |    61 |    60 ||   124
       Bite              |       |     4 |     5 ||     9
       Punch             |       |       |     2 ||     2
 Cast: Pain              |    80 |   107 |    35 ||   222
       Vampiric Draining |     2 |    16 |    11 ||    29
  Use: Scroll            |       |     7 |     2 ||     9
       Potion            |       |     3 |     3 ||     6
 Stab: Sleeping          |     3 |     4 |     1 ||     8
Armor: Skin              |       |     7 |     8 ||    15
Dodge: Dodged            |    14 |   210 |   137 ||   361
